[Event "Titled Tuesday Blitz September 27 Early 2022"]
[White "Hardaway, Brewington"]
[Black "Gulevich, Artem"]
[WhiteFideId "30941849"]
[BlackFideId "24119580"]
[WhiteElo "1813"]
[BlackElo "2218"]
[Result "1-0"]
[Round "02"]
[TimeControl "180+1"]
[Date "2022.09.27"]
[WhiteClock "0:01:04"]
[BlackClock "0:00:44"]

1. Nf3 Nf6 2. c4 c6 3. b3 d5 4. Bb2 e6 5. e3 Be7 6. Nc3 Nbd7 7. d4 a6 8. Bd3 b5 9. O-O O-O 10. e4 bxc4 11. bxc4 dxc4 12. Bxc4 c5 13. d5 exd5 14. Nxd5 Nxd5 15. Bxd5 Rb8 16. Qc2 Nf6 17. Rfd1 Nxd5 18. Rxd5 Qb6 19. Be5 Rb7 20. Nd2 Be6 21. Rd3 Rd8 22. Rb1 Qc6 23. Rxd8+ Bxd8 24. Rxb7 Qxb7 25. Qxc5 Bxa2 26. Qd4 Qc8 27. Qb2 f6 28. Qxa2+ 1-0


[Site "https://www.chess.com"]

[Event "Titled Tuesday Blitz September 27 Early 2022"]
[White "Harsh Suresh"]
[Black "Jeet, Jain"]
[WhiteFideId "45018464"]
[BlackFideId "5073022"]
[WhiteElo "2070"]
[BlackElo "2055"]
[Result "1-0"]
[Round "02"]
[TimeControl "180+1"]
[Date "2022.09.27"]
[WhiteClock "0:00:15"]
[BlackClock "0:00:06"]

1. d4 d5 2. Nf3 Nf6 3. Bf4 c5 4. c3 Nc6 5. e3 Qb6 6. Qc2 Bf5 7. dxc5 Bxc2 8. cxb6 axb6 9. Na3 Be4 10. Nb5 Kd7 11. Nbd4 Bxf3 12. Nxf3 e6 13. Bb5 Bd6 14. Ne5+ Bxe5 15. Bxe5 Ke7 16. Bc7 Nd7 17. Bg3 h5 18. h4 Ra5 19. Be2 b5 20. Bc7 b6 21. b4 Ra3 22. Bxb5 Rc8 23. Bf4 Rxc3 24. a3 Nce5 25. O-O Ng4 26. a4 e5 27. Bg3 Rb3 28. Rfc1 Rxc1+ 29. Rxc1 Rxb4 30. f3 Ngf6 31. Rc7 Kd8 32. Ra7 d4 33. exd4 exd4 34. Bd6 Rb1+ 35. Kh2 Rc1 36. Ba6 Nc5 37. Bb5 Ne6 38. Rxf7 Ne8 39. Be7+ Kc8 40. Bxe8 d3 41. Bb4 Rb1 42. Bd7+ Kb8 43. Bd2 Nc5 44. Bf5 Rd1 45. Bf4+ Ka8 46. Rf8+ Ka7 47. Rd8 Ka6 48. Be3 Ka5 49. Bxc5 bxc5 50. Rxd3 Rxd3 51. Bxd3 Kxa4 52. g4 hxg4 53. fxg4 Kb4 54. Kg3 Kc3 55. Ba6 Kb4 56. Kf4 c4 57. Bxc4 Kxc4 58. Kf5 1-0


[Site "https://www.chess.com"]

[Event "Titled Tuesday Blitz September 27 Early 2022"]
[White "Heinemann, Josefine"]
[Black "Abdrlauf, Elham"]
[WhiteFideId "12900460"]
[BlackFideId "1533533"]
[WhiteElo "2300"]
[BlackElo "2409"]
[Result "0-1"]
[Round "02"]
[TimeControl "180+1"]
[Date "2022.09.27"]
[WhiteClock "0:00:04"]
[BlackClock "0:00:05"]

1. Nf3 Nf6 2. c4 g6 3. Nc3 Bg7 4. e4 d6 5. d4 O-O 6. Be2 e5 7. O-O Nc6 8. d5 Nd4 9. Be3 Nxe2+ 10. Qxe2 Nh5 11. Nd2 Nf4 12. Bxf4 exf4 13. Qd3 g5 14. Rac1 g4 15. b4 Qg5 16. c5 Bd7 17. Ne2 Rae8 18. cxd6 cxd6 19. Rc7 Re7 20. Rxb7 f5 21. Rc1 f3 22. Ng3 Rfe8 23. Rcc7 f4 24. Ngf1 fxg2 25. Rxd7 gxf1=Q+ 26. Kxf1 f3 27. Rxe7 Rxe7 28. Rxe7 Qxe7 29. Qb5 Be5 30. Qb8+ Kg7 31. Qc8 h5 32. Qf5 Qh4 33. Qd7+ Kg6 34. Qe6+ Bf6 35. Qg8+ Bg7 36. Qe6+ Bf6 37. Qg8+ Kh6 38. Qf8+ Bg7 39. Qxd6+ Kh7 40. Qg3 Qg5 41. Ke1 Qf6 42. e5 Qf5 43. Kd1 Qd3 44. Qf4 Qe2+ 45. Kc2 Qxe5 46. Qxe5 Bxe5 47. Ne4 Bxh2 48. d6 Kg6 49. d7 Bc7 50. Nc5 g3 51. Ne6 Bb6 52. Nf4+ Kf5 53. fxg3 f2 54. Ng2 f1=Q 55. Ne3+ Bxe3 56. d8=Q Qg2+ 57. Kb3 Qxg3 58. Qf8+ Kg4 59. Qg7+ Kf3 60. Qb7+ Kf2 61. Qf7+ Qf3 62. Qg6 h4 63. Ka4 h3 64. Qc2+ Kg1 65. Qb1+ Kg2 66. Qg6+ Qg3 67. Qe4+ Kf2 68. Qc2+ Kf1 69. Qd1+ Kg2 70. Qd5+ Kh2 71. Qd1 Bf2 72. Qe2 Qf4 73. Ka5 Kg1 74. Qd1+ Kh2 75. Qe2 Kg2 76. b5 h2 0-1


[Site "https://www.chess.com"]

[Event "Titled Tuesday Blitz September 27 Early 2022"]
[White "Hnydiuk, Aleksander"]
[Black "Samaganova, Aleksandra"]
[WhiteFideId "1109057"]
[BlackFideId "13800221"]
[WhiteElo "2374"]
[BlackElo "1864"]
[Result "1-0"]
[Round "02"]
[TimeControl "180+1"]
[Date "2022.09.27"]
[WhiteClock "0:00:36"]
[BlackClock "0:00:24"]

1. c4 c5 2. Nf3 Nf6 3. Nc3 Nc6 4. d4 cxd4 5. Nxd4 g6 6. g3 Bg7 7. Bg2 O-O 8. O-O a6 9. b3 Qc7 10. Bb2 Nxd4 11. Qxd4 d6 12. Rac1 Qd8 13. Rfd1 Rb8 14. Qh4 b5 15. c5 h6 16. cxd6 exd6 17. Ba3 g5 18. Qb4 d5 19. Nxd5 Nxd5 20. Bxd5 Qf6 21. Qd6 Bg4 22. Qxf6 Bxf6 23. Bxf8 Kxf8 24. Bf3 Bxf3 25. exf3 b4 26. Rc6 Bc3 27. Rxa6 Kg7 28. Rd7 Rb5 29. Raa7 Rf5 30. Kg2 Rf6 31. a4 Kg6 32. a5 h5 33. Rab7 Ra6 34. Rb6+ Rxb6 35. axb6 1-0


[Site "https://www.chess.com"]

[Event "Titled Tuesday Blitz September 27 Early 2022"]
[White "Howell, David W L"]
[Black "Maung, Maung Kyaw Zaw Hein"]
[WhiteFideId "410608"]
[BlackFideId "13001698"]
[WhiteElo "2559"]
[BlackElo "1785"]
[Result "1-0"]
[Round "02"]
[TimeControl "180+1"]
[Date "2022.09.27"]
[WhiteClock "0:00:17"]
[BlackClock "0:00:30"]

1. Nc3 d5 2. d4 Nf6 3. Bf4 c6 4. e3 Bf5 5. f3 Bg6 6. g4 h5 7. g5 Nfd7 8. Bd3 Bxd3 9. Qxd3 g6 10. e4 e6 11. O-O-O Be7 12. h4 O-O 13. Nh3 Nb6 14. Rhe1 Bd6 15. Kb1 Nc4 16. b3 Nb6 17. exd5 cxd5 18. Rxe6 Bxf4 19. Nxf4 fxe6 20. Qxg6+ Kh8 21. Qh6+ Kg8 22. Qg6+ Kh8 23. Qxh5+ Kg8 24. Qg6+ Kh8 25. Qh6+ Kg8 26. Qxe6+ Kh8 27. Qh6+ Kg8 28. Qg6+ Kh8 29. Re1 Nc6 30. Re6 Ne7 31. Qh6+ Kg8 32. Nh5 Rf7 33. g6 Nf5 34. gxf7+ Kxf7 35. Qg6+ Kf8 36. Qxf5+ Kg8 37. Qg6+ Kf8 38. Qg7# 1-0


[Site "https://www.chess.com"]

[Event "Titled Tuesday Blitz September 27 Early 2022"]
[White "Ilkhomi, Jaloliddin"]
[Black "Diaz Perez, Michel Alejandro"]
[WhiteFideId "14700948"]
[BlackFideId "3517179"]
[WhiteElo "1440"]
[BlackElo "2313"]
[Result "0-1"]
[Round "02"]
[TimeControl "180+1"]
[Date "2022.09.27"]
[WhiteClock "0:00:05"]
[BlackClock "0:00:13"]

1. d4 Nf6 2. Nf3 e6 3. Bf4 d6 4. e3 Nbd7 5. Nbd2 b6 6. Bd3 Bb7 7. Bg3 Be7 8. O-O O-O 9. h3 c5 10. c3 cxd4 11. exd4 Re8 12. Re1 a6 13. Qe2 Bf8 14. Rad1 Qc7 15. Ne4 h6 16. Nxf6+ Nxf6 17. Bh4 Nd5 18. Bb1 Nf4 19. Qe3 e5 20. Bg3 Nh5 21. Bh2 e4 22. Nd2 f5 23. Kh1 Qf7 24. Qe2 f4 25. Qg4 Bc8 26. Qe2 Bf5 27. f3 e3 28. Nf1 Bxb1 29. Rxb1 d5 30. g3 fxg3 31. Nxg3 Nf4 32. Qf1 Qd7 33. Ne2 Nxh3 34. Qg2 Nf2+ 35. Kg1 Qf7 36. Nf4 Bd6 37. Nh3 Nxh3+ 38. Qxh3 Bxh2+ 39. Kxh2 e2 40. Qg3 Re3 41. Rbc1 Rxf3 42. Qg2 Rf2 43. Rxe2 Rxg2+ 44. Rxg2 Qf4+ 0-1


[Site "https://www.chess.com"]

[Event "Titled Tuesday Blitz September 27 Early 2022"]
[White "Ismayil, Malak"]
[Black "Gorshtein, Ido"]
[WhiteFideId "13412604"]
[BlackFideId "2815532"]
[WhiteElo "1879"]
[BlackElo "2411"]
[Result "0-1"]
[Round "02"]
[TimeControl "180+1"]
[Date "2022.09.27"]
[WhiteClock "0:00:06"]
[BlackClock "0:00:23"]

1. e4 Nc6 2. Nf3 d6 3. Bb5 a6 4. Bxc6+ bxc6 5. h3 c5 6. d4 cxd4 7. Nxd4 c5 8. Nf3 Bb7 9. Nc3 Nf6 10. Qe2 e6 11. Bg5 Be7 12. O-O O-O 13. Rad1 Qc7 14. b3 h6 15. Bh4 Rfe8 16. Rfe1 Rad8 17. Bg3 Qc6 18. Qf1 a5 19. a4 e5 20. Nd5 Nxd5 21. exd5 Qc7 22. Qd3 Bc8 23. Nd2 f5 24. f3 Bf6 25. Nc4 Bd7 26. Re2 Rb8 27. Be1 Ra8 28. Bd2 Re7 29. Rde1 Kh7 30. Bc3 g6 31. Qd2 Rae8 32. Bxa5 Qb8 33. Bc3 Bc8 34. a5 Ba6 35. Rf2 Bh4 36. Ref1 Bxc4 37. bxc4 Bxf2+ 38. Qxf2 f4 39. Qd2 Rb7 40. Qd3 Qc8 41. h4 Qf5 42. Ra1 Qxd3 43. cxd3 Rb3 44. Be1 Ra8 45. a6 Rb6 46. a7 Kg7 47. Kf2 Kf7 48. Ke2 Ke7 49. h5 g5 50. Bd2 Kd7 51. g3 fxg3 52. Rg1 Rxa7 53. Rxg3 Ra2 54. Ke3 Rbb2 55. Rg2 Ke7 56. Rf2 Kf6 57. Rg2 Kf5 58. Rf2 Rxd2 59. Rxd2 Rxd2 60. Kxd2 Kf4 61. Ke2 Kg3 62. Ke3 g4 63. fxg4 Kxg4 64. Ke4 Kg5 65. Kf3 Kxh5 66. Kg3 Kg5 67. Kf3 h5 68. Kg3 h4+ 69. Kh3 Kh5 70. Kh2 Kg4 71. Kg2 Kf4 72. Kh3 Ke3 73. Kxh4 Kxd3 74. Kg5 Kxc4 75. Kf6 Kxd5 0-1


[Site "https://www.chess.com"]

[Event "Titled Tuesday Blitz September 27 Early 2022"]
[White "Iturrizaga Bonelli, Eduardo"]
[Black "Yurovskykh, Oleksandr"]
[WhiteFideId "3901211"]
[BlackFideId "14134020"]
[WhiteElo "2629"]
[BlackElo "2303"]
[Result "1-0"]
[Round "02"]
[TimeControl "180+1"]
[Date "2022.09.27"]
[WhiteClock "0:00:03"]
[BlackClock "0:00:01"]

1. c4 e6 2. g3 d5 3. Bg2 Nf6 4. Nf3 dxc4 5. Qa4+ Bd7 6. Qxc4 c5 7. Ne5 Qc8 8. O-O Nc6 9. Nxd7 Qxd7 10. Nc3 Be7 11. d3 O-O 12. Rd1 Rac8 13. Bg5 Rfd8 14. Rac1 b6 15. Qa4 Nd4 16. Qa6 h6 17. Be3 Nc6 18. a3 Nb8 19. Qc4 Nd5 20. Bd2 Nc6 21. Qg4 Nf6 22. Qc4 Nd5 23. Qg4 Nf6 24. Qa4 Nb8 25. Qc4 Nc6 26. Be1 Nd4 27. e3 Nc6 28. Qa4 Nb8 29. Qc2 Nc6 30. h3 Nd4 31. exd4 cxd4 32. Qb3 dxc3 33. bxc3 Nd5 34. c4 Nc7 35. d4 Bf6 36. Bc3 Ne8 37. a4 Nd6 38. Bb4 Nf5 39. d5 exd5 40. Rxd5 Qxd5 41. Bxd5 Rxd5 42. cxd5 Rxc1+ 43. Kg2 Rc8 44. d6 Rd8 45. Qd5 Nxd6 46. a5 Be7 47. a6 Ne8 48. Qe4 Bxb4 49. Qxb4 Nc7 50. Qe7 Rc8 51. Qd7 1-0


[Site "https://www.chess.com"]

[Event "Titled Tuesday Blitz September 27 Early 2022"]
[White "Jain, Naveen"]
[Black "Korchmar, Vasiliy"]
[WhiteFideId "5003970"]
[BlackFideId "24131750"]
[WhiteElo "2036"]
[BlackElo "2370"]
[Result "0-1"]
[Round "02"]
[TimeControl "180+1"]
[Date "2022.09.27"]
[WhiteClock "0:00:04"]
[BlackClock "0:00:08"]

1. c4 c6 2. g3 d5 3. Bg2 Nf6 4. Nf3 e6 5. O-O dxc4 6. a4 b5 7. axb5 cxb5 8. Nd4 Nd5 9. Nxb5 Nd7 10. N1c3 Bb7 11. Nxd5 Bxd5 12. Bxd5 exd5 13. b3 Bc5 14. bxc4 dxc4 15. Qc2 O-O 16. Qxc4 Rc8 17. Qb3 Qb6 18. Qa4 Rfe8 19. Nc3 Nf6 20. Ba3 Bd4 21. Rab1 Qd8 22. Nb5 Be5 23. d4 Bb8 24. e3 Qd7 25. Rbc1 Qh3 26. Rxc8 Rxc8 27. Qa6 h5 28. Qb7 Re8 29. Bd6 Bxd6 30. Nxd6 Rf8 31. Ra1 h4 32. Rxa7 Qe6 33. Qe7 Qb3 34. Ra1 h3 35. Qb7 Qc2 36. Nb5 Qb2 37. Nd6 Qxa1+ 0-1


[Site "https://www.chess.com"]

[Event "Titled Tuesday Blitz September 27 Early 2022"]
[White "Jaskolka, Tomasz"]
[Black "Butti, Enrique"]
[WhiteFideId "1170791"]
[BlackFideId "3700470"]
[WhiteElo "2073"]
[BlackElo "2080"]
[Result "1-0"]
[Round "02"]
[TimeControl "180+1"]
[Date "2022.09.27"]
[WhiteClock "0:00:37"]
[BlackClock "0:01:07"]

1. d4 c5 2. d5 e5 3. e4 d6 4. Nc3 Be7 5. Nf3 h5 6. Be2 h4 7. h3 Nf6 8. Bg5 Nh5 9. Be3 g6 10. Qd2 a6 11. a4 Nd7 12. O-O Bf6 13. a5 Nf4 14. Bxf4 exf4 15. Qxf4 Ne5 16. Nxe5 Bxe5 17. Qd2 g5 18. Na4 Qf6 19. c3 Qg6 20. Nb6 Rb8 21. Nxc8 Rxc8 22. Bg4 Rc7 23. Bf5 Qf6 24. Rfc1 Ke7 25. Qe2 Rb8 26. Qd3 c4 27. Qe2 b5 28. axb6 Rxb6 29. Ra4 Rcb7 30. Rc2 1-0


[Site "https://www.chess.com"]

[Event "Titled Tuesday Blitz September 27 Early 2022"]
[White "Jean Louis, Marckens"]
[Black "Sychev, Klementy"]
[WhiteFideId "11900270"]
[BlackFideId "4114060"]
[WhiteElo "2031"]
[BlackElo "2564"]
[Result "0-1"]
[Round "02"]
[TimeControl "180+1"]
[Date "2022.09.27"]
[WhiteClock "0:00:07"]
[BlackClock "0:00:19"]

1. d4 Nf6 2. Nf3 g6 3. c4 Bg7 4. Nc3 O-O 5. e3 d5 6. cxd5 Nxd5 7. Be2 c5 8. O-O cxd4 9. exd4 Nc6 10. Nxd5 Qxd5 11. Be3 Rd8 12. Qa4 Bd7 13. Qa3 Nxd4 14. Nxd4 Bxd4 15. Bf3 Qe5 16. Bxd4 Qxd4 17. Rad1 Qb6 18. Qxe7 Be6 19. Bxb7 Re8 20. Rd6 Rxe7 21. Rxb6 Rb8 22. Rxe6 Rxe6 23. Bd5 Re2 24. Rc1 Rexb2 25. Bb3 Rb6 26. h3 Rf6 27. f3 a5 28. Rc4 Rd6 29. Rf4 Rdd2 30. Rg4 Kg7 31. h4 h5 32. Rg5 f5 33. Kh2 Kf6 34. Ba4 Rd4 35. Rg3 Rxh4+ 36. Rh3 Rxa4 37. f4 Raxa2 38. Rc3 Rxg2+ 39. Kh1 Rh2+ 40. Kg1 Rhc2 41. Rf3 Rc1+ 42. Rf1 Rxf1+ 43. Kxf1 a4 0-1


[Site "https://www.chess.com"]

[Event "Titled Tuesday Blitz September 27 Early 2022"]
[White "Jiganchine, Roman"]
[Black "Eynullayev, Atilla"]
[WhiteFideId "2603667"]
[BlackFideId "13413570"]
[WhiteElo "2273"]
[BlackElo "1936"]
[Result "0-1"]
[Round "02"]
[TimeControl "180+1"]
[Date "2022.09.27"]
[WhiteClock "0:00:09"]
[BlackClock "0:01:58"]

1. Nf3 Nf6 2. c4 e6 3. b3 d5 4. Bb2 c5 5. e3 Nc6 6. cxd5 exd5 7. Bb5 Bd6 8. O-O O-O 9. d4 cxd4 10. Nxd4 Bc7 11. Bxc6 Qd6 12. g3 bxc6 13. Nd2 Bb6 14. Rc1 Bd7 15. N2f3 Rfe8 16. Qd3 Ne4 17. Nd2 Rac8 18. Nxe4 dxe4 19. Qe2 Bh3 20. Rfd1 Qg6 21. Rd2 Bg4 22. Qf1 c5 23. Nb5 Rcd8 24. Rxd8 Rxd8 25. Bc3 Rd3 26. Na3 Qh5 27. Nc4 Bh3 28. Qe1 Qf3 0-1


[Site "https://www.chess.com"]

[Event "Titled Tuesday Blitz September 27 Early 2022"]
[White "Jobava, Baadur"]
[Black "Averjanov, Alexey"]
[WhiteFideId "13601520"]
[BlackFideId "14109867"]
[WhiteElo "2582"]
[BlackElo "2647"]
[Result "1-0"]
[Round "02"]
[TimeControl "180+1"]
[Date "2022.09.27"]
[WhiteClock "0:02:45"]
[BlackClock "0:00:04"]

1. e4 c6 2. c4 d5 3. cxd5 cxd5 4. exd5 Nf6 5. Qa4+ Nbd7 6. Nc3 g6 7. Nf3 Bg7 8. Bc4 O-O 9. d3 a6 10. Qa3 b6 11. O-O Bb7 12. Re1 b5 13. Bb3 Re8 14. Be3 Ng4 15. Bg5 Qb6 16. Ne4 f5 17. d6+ e6 18. Be7 fxe4 19. Bxe6+ Kh8 20. Bxg4 b4 21. Qb3 Nc5 22. Qf7 exf3 23. Bf6 Bxf6 24. Qxf6+ Kg8 25. d4 Ne4 26. Be6+ Rxe6 27. Qxe6+ Kg7 28. Rxe4 fxg2 29. Qe7+ Kg8 30. Rh4 h5 31. Qf6 Kh7 32. Re1 Rc8 33. Rxh5+ gxh5 34. Re7+ Kg8 35. Qg7# 1-0


[Site "https://www.chess.com"]

[Event "Titled Tuesday Blitz September 27 Early 2022"]
[White "Kalajzic, Ivan"]
[Black "Ronka, Erik"]
[WhiteFideId "14506378"]
[BlackFideId "505080"]
[WhiteElo "2163"]
[BlackElo "2264"]
[Result "0-1"]
[Round "02"]
[TimeControl "180+1"]
[Date "2022.09.27"]
[WhiteClock "0:00:57"]
[BlackClock "0:00:38"]

1. b3 e5 2. Bb2 Nc6 3. e3 Nf6 4. Bb5 Bd6 5. Na3 e4 6. Nc4 Be7 7. d4 Nb8 8. Ne5 c6 9. Be2 O-O 10. Ng4 d5 11. Nxf6+ Bxf6 12. Bg4 c5 13. Bxc8 Qxc8 14. Nh3 c4 15. O-O b5 16. bxc4 bxc4 17. Ba3 Rd8 18. Rb1 Nc6 19. Bc5 Qa6 20. a3 Rab8 21. Qg4 Qc8 22. Qg3 Qd7 23. Nf4 g6 24. f3 exf3 25. Qxf3 Rxb1 26. Rxb1 Bg5 27. Nh3 Bh6 28. Rf1 Re8 29. g4 Bxe3+ 30. Kh1 Bxd4 31. Bxd4 Nxd4 32. Qf6 Ne6 33. Nf2 Qd8 34. Qf3 Ng5 35. Qg3 Ne4 36. Nxe4 dxe4 37. Qc3 Qd5 38. Kg1 e3 39. Re1 Qf3 40. h3 Qg3+ 41. Kf1 Qxh3+ 42. Ke2 Qxg4+ 0-1


[Site "https://www.chess.com"]

[Event "Titled Tuesday Blitz September 27 Early 2022"]
[White "Kalashian, David"]
[Black "Raja Rithvik R"]
[WhiteFideId "13302418"]
[BlackFideId "35007394"]
[WhiteElo "2490"]
[BlackElo "2255"]
[Result "1-0"]
[Round "02"]
[TimeControl "180+1"]
[Date "2022.09.27"]
[WhiteClock "0:00:09"]
[BlackClock "0:00:04"]

1. d4 Nf6 2. c4 e6 3. Nf3 b6 4. g3 Bb7 5. Bg2 Be7 6. O-O O-O 7. Re1 d5 8. Nc3 dxc4 9. Bf4 Nbd7 10. e4 Bb4 11. Nd2 c5 12. Nxc4 cxd4 13. Qxd4 Bc5 14. Qd2 e5 15. Be3 Bb4 16. Nd6 Bc6 17. a3 Bc5 18. Rad1 Qc7 19. b4 Bxe3 20. Qxe3 Rfd8 21. Nf5 Nf8 22. Nd5 Bxd5 23. exd5 Qd7 24. Qxe5 Re8 25. Ne7+ Kh8 26. d6 Rac8 27. Qd4 Ne6 28. Rxe6 Qxe6 29. Nxc8 Rxc8 30. h4 Rd8 31. a4 Ne8 32. d7 Nf6 33. Qd6 Qxd6 34. Rxd6 Rxd7 35. Rxd7 Nxd7 36. Kf1 Kg8 37. Ke2 Kf8 38. Kd3 Ke7 39. Kc4 Ne5+ 40. Kb5 Kd6 41. Ka6 Nd3 42. Kxa7 Kc7 43. a5 bxa5 44. b5 Nxf2 45. b6+ 1-0


[Site "https://www.chess.com"]

[Event "Titled Tuesday Blitz September 27 Early 2022"]
[White "Kevlishvili, Robby"]
[Black "Gabdrakhmanov, Azat"]
[WhiteFideId "1040634"]
[BlackFideId "34189197"]
[WhiteElo "2585"]
[BlackElo "2233"]
[Result "1-0"]
[Round "02"]
[TimeControl "180+1"]
[Date "2022.09.27"]
[WhiteClock "0:00:18"]
[BlackClock "0:00:04"]

1. e4 c5 2. Nf3 e6 3. b3 d6 4. Bb2 e5 5. c3 Nf6 6. Bd3 Be7 7. O-O O-O 8. Bc2 Nbd7 9. d4 Re8 10. Nbd2 Qc7 11. Re1 Bf8 12. Nf1 b6 13. Ng3 Bb7 14. Bd3 g6 15. d5 a6 16. a4 Bg7 17. h3 Reb8 18. Nh4 Kh8 19. Bc1 b5 20. Bc2 c4 21. b4 a5 22. Be3 axb4 23. cxb4 bxa4 24. Bxa4 Nb6 25. Bc2 c3 26. Qd3 Nfd7 27. Ne2 Rc8 28. Nf3 Nc4 29. Rxa8 Bxa8 30. Ra1 Nxe3 31. Qxe3 Bb7 32. Bb3 Bf6 33. Rc1 Qb8 34. Rxc3 Ba6 35. Rxc8+ Qxc8 36. Qc3 Qb8 37. Bc4 Bb5 38. Bxb5 Qxb5 39. Nc1 Kg7 40. Nd3 Bd8 41. Nd2 Bb6 42. g3 Bd4 43. Qc4 Qa4 44. Nb3 Ba7 45. Kg2 Nf6 46. Na5 Qd1 47. Nc6 Bb6 48. Qb5 Bd4 49. Nxd4 exd4 50. Qc4 Qe2 51. Qxd4 h5 52. b5 Qc2 53. b6 Qb3 54. Nf4 Qb5 55. g4 hxg4 56. hxg4 1-0


[Site "https://www.chess.com"]

[Event "Titled Tuesday Blitz September 27 Early 2022"]
[White "Khamdamova, Afruza"]
[Black "Baskakov, Egor"]
[WhiteFideId "14210444"]
[BlackFideId "24197866"]
[WhiteElo "1668"]
[BlackElo "2211"]
[Result "0-1"]
[Round "02"]
[TimeControl "180+1"]
[Date "2022.09.27"]
[WhiteClock "0:00:02"]
[BlackClock "0:01:19"]

1. e4 c5 2. Nf3 Nf6 3. Nc3 d5 4. exd5 Nxd5 5. Bb5+ Bd7 6. Bxd7+ Qxd7 7. O-O Nc6 8. d4 cxd4 9. Nxd4 Nxc3 10. bxc3 e5 11. Nb5 a6 12. Qxd7+ Kxd7 13. Rd1+ Kc8 14. Nd6+ Bxd6 15. Rxd6 Kc7 16. Ba3 Rad8 17. Rad1 Rxd6 18. Bxd6+ Kc8 19. Kf1 Rd8 20. Ke2 f6 21. f4 exf4 22. Bxf4 Rxd1 23. Kxd1 Kd7 24. Kd2 Ke6 25. Kd3 b5 26. c4 b4 27. Bc7 f5 28. g3 g6 29. c3 Kd7 30. Bf4 Ke6 31. cxb4 Nxb4+ 32. Kc3 a5 33. a3 Nc6 34. Kb3 Ne5 35. Bxe5 Kxe5 36. Ka4 g5 0-1


[Site "https://www.chess.com"]

[Event "Titled Tuesday Blitz September 27 Early 2022"]
[White "Kislov, Oleg"]
[Black "Aqib Javaid Butt"]
[WhiteFideId "13503774"]
[BlackFideId "7801262"]
[WhiteElo "2185"]
[BlackElo "1634"]
[Result "1-0"]
[Round "02"]
[TimeControl "180+1"]
[Date "2022.09.27"]
[WhiteClock "0:00:57"]
[BlackClock "0:00:31"]

1. e4 c6 2. d4 d5 3. Nc3 dxe4 4. Nxe4 Bf5 5. Ng3 Bg6 6. N1e2 e6 7. Nf4 Bd6 8. Ngh5 Bxf4 9. Nxf4 Nf6 10. Nxg6 hxg6 11. c3 Nbd7 12. g3 e5 13. Bg2 exd4 14. Qxd4 Qe7+ 15. Be3 Qe5 16. O-O-O Qxd4 17. Bxd4 O-O 18. Rhe1 Rfe8 19. Rxe8+ Rxe8 20. Bxa7 Ra8 21. Bd4 Rxa2 22. Kc2 Ra8 23. h3 Re8 24. Be3 Ra8 25. c4 Ne5 26. Kc3 Ra4 27. b3 Ra8 28. g4 Ra2 29. Rd8+ Kh7 30. Rb8 Nexg4 31. hxg4 Nxg4 32. Bf3 Nxf2 33. Rxb7 f6 34. Bxf2 Rxf2 35. Bxc6 g5 36. b4 g4 37. b5 g3 38. b6 f5 39. Rd7 f4 40. b7 f3 41. b8=Q g2 42. Qh2+ Kg8 43. Bd5+ Kf8 44. Qh8# 1-0


[Site "https://www.chess.com"]

[Event "Titled Tuesday Blitz September 27 Early 2022"]
[White "Kodinets, Konstantin L."]
[Black "Nakamura, Hikaru"]
[WhiteFideId "4122011"]
[BlackFideId "2016192"]
[WhiteElo "2447"]
[BlackElo "2850"]
[Result "0-1"]
[Round "02"]
[TimeControl "180+1"]
[Date "2022.09.27"]
[WhiteClock "0:00:18"]
[BlackClock "0:00:39"]

1. d4 g6 2. e4 Bg7 3. c3 d6 4. Bg5 Nd7 5. Nd2 Ngf6 6. Ngf3 h6 7. Bh4 g5 8. Bg3 Nh5 9. Nc4 e6 10. Nfd2 Nxg3 11. hxg3 b6 12. Bd3 Bb7 13. Ne3 Qe7 14. Qe2 a6 15. a4 c5 16. d5 Kd8 17. Kd1 Kc7 18. Kc2 Ne5 19. f4 Nxd3 20. Qxd3 Rae8 21. Rhe1 Rd8 22. Ndc4 Rhe8 23. Ra3 exd5 24. Nxd5+ Bxd5 25. Qxd5 Qe6 26. Raa1 Qxd5 27. exd5 gxf4 28. gxf4 Bf6 29. Rxe8 Rxe8 30. Rh1 Re4 31. Kd3 Rxf4 32. Rxh6 b5 33. axb5 axb5 34. Ne3 Bg5 35. Rh7 Kb6 36. b3 Rf2 37. Rg7 Bxe3 38. Kxe3 Rb2 39. Rxf7 Rxb3 40. Rd7 Rxc3+ 41. Ke4 b4 42. Rxd6+ Kc7 43. Rc6+ Kb7 44. Rg6 b3 45. Rg7+ Ka6 46. d6 b2 0-1


[Site "https://www.chess.com"]

[Event "Titled Tuesday Blitz September 27 Early 2022"]
[White "Koellner, Ruben Gideon"]
[Black "Grandelius, Nils"]
[WhiteFideId "12993093"]
[BlackFideId "1710400"]
[WhiteElo "2286"]
[BlackElo "2617"]
[Result "0-1"]
[Round "02"]
[TimeControl "180+1"]
[Date "2022.09.27"]
[WhiteClock "0:00:06"]
[BlackClock "0:00:38"]

1. d4 d5 2. Nf3 e6 3. e3 Nf6 4. Nbd2 b6 5. c3 Bb7 6. Ne5 Bd6 7. f4 Nbd7 8. Bd3 Ne4 9. Nxe4 dxe4 10. Bb5 Bxe5 11. dxe5 c6 12. Be2 Nc5 13. O-O Nd3 14. Qc2 c5 15. Rd1 c4 16. Qa4+ Qd7 17. Qxc4 Rd8 18. b3 O-O 19. Ba3 Rfe8 20. Bd6 Nb2 21. Qb5 Bc6 22. Qb4 Nxd1 23. Rxd1 Rc8 24. h3 Red8 25. Rd4 Qb7 26. Qa3 a5 27. c4 a4 28. b4 b5 29. c5 Bd5 30. Qb2 a3 31. Qd2 Ra8 32. Bd1 Qc6 33. Bc2 Bxa2 34. Bxe4 Bd5 35. Rxd5 exd5 36. Bxd5 Qxd5 37. Qxd5 a2 38. e6 a1=Q+ 39. Kh2 Qf6 40. f5 fxe6 41. fxe6 Re8 42. e7+ Qf7 43. Qe4 Ra7 44. Qc6 Raxe7 45. Bxe7 Qxe7 46. Qxb5 Qe5+ 47. Kh1 Qxe3 48. Qc4+ Kh8 49. c6 Qg3 50. Qc1 Re1+ 51. Qxe1 Qxe1+ 52. Kh2 Qxb4 0-1


[Site "https://www.chess.com"]

[Event "Titled Tuesday Blitz September 27 Early 2022"]
[White "Kollars, Dmitrij"]
[Black "Taboas Rodriguez, Daniel"]
[WhiteFideId "12909572"]
[BlackFideId "2208466"]
[WhiteElo "2584"]
[BlackElo "2429"]
[Result "1-0"]
[Round "02"]
[TimeControl "180+1"]
[Date "2022.09.27"]
[WhiteClock "0:00:20"]
[BlackClock "0:00:03"]

1. c4 Nf6 2. Nc3 g6 3. e4 d6 4. d4 Bg7 5. h3 O-O 6. Be3 Nc6 7. d5 Ne5 8. f4 Ned7 9. Nf3 Nh5 10. Bd3 Ng3 11. Rg1 e5 12. dxe6 fxe6 13. Qd2 b6 14. O-O-O Bb7 15. Bc2 Nc5 16. e5 dxe5 17. Qf2 exf4 18. Rxd8 Raxd8 19. Bxc5 bxc5 20. Re1 Bd4 21. Nxd4 cxd4 22. Be4 dxc3 23. Bxb7 Rd2 24. Qf3 Rxb2 25. Qxc3 Rxb7 26. Rxe6 Rfb8 27. Re7 Rb1+ 28. Kc2 R8b2+ 29. Qxb2 Rxb2+ 30. Kxb2 c5 31. Rxa7 Nf5 32. a4 Ne3 33. a5 Nxc4+ 34. Kc3 Nd6 35. Kd3 c4+ 36. Kc2 g5 37. a6 h5 38. Rd7 Nb5 39. a7 Nxa7 40. Rxa7 g4 41. hxg4 hxg4 42. Kc3 f3 43. gxf3 gxf3 44. Kxc4 f2 45. Ra1 1-0


[Site "https://www.chess.com"]

[Event "Titled Tuesday Blitz September 27 Early 2022"]
[White "Koridze, Lile"]
[Black "Shandrygin, Nikita"]
[WhiteFideId "13612514"]
[BlackFideId "24198668"]
[WhiteElo "2050"]
[BlackElo "2323"]
[Result "0-1"]
[Round "02"]
[TimeControl "180+1"]
[Date "2022.09.27"]
[WhiteClock "0:02:32"]
[BlackClock "0:01:44"]

1. d4 Nf6 2. c4 e6 3. Nc3 Bb4 4. e3 O-O 5. Bd3 c5 6. Ne2 d5 7. O-O Nc6 8. cxd5 exd5 9. a3 Bxc3 10. bxc3 b6 11. dxc5 bxc5 12. Bb2 Rb8 13. Qc2 c4 14. Bf5 Bxf5 15. Qxf5 Rxb2 16. Nf4 Ne7 17. Qh3 Ng6 18. Nxg6 hxg6 19. Rfd1 Qa5 20. Rac1 Qxa3 21. Qf3 Ne4 0-1


[Site "https://www.chess.com"]